[Event "Titled Tuesday Blitz January 31 Late 2023"]
[White "Chigaev, Maksim"]
[Black "So, Wesley"]
[WhiteFideId "4108116"]
[BlackFideId "5202213"]
[WhiteElo "2628"]
[BlackElo "2760"]
[Result "1-0"]
[Round "07"]
[TimeControl "180+2"]
[Date "2023.01.31"]
[WhiteClock "0:00:45"]
[BlackClock "0:01:28"]

1. e4 c5 2. Nf3 d6 3. d4 cxd4 4. Nxd4 Nf6 5. Nc3 a6 6. Bg5 e6 7. Qf3 h6 8. Bd2 Qb6 9. Nb3 Qc7 10. O-O-O b5 11. Bd3 Bb7 12. Qg3 Nbd7 13. Rhe1 b4 14. Nd5 exd5 15. exd5+ Kd8 16. Bxb4 a5 17. Ba3 Nxd5 18. Bb5 Nb4 19. Bxb4 axb4 20. Qe3 Qc8 21. Qe8+ Kc7 22. Qxf7 Ba6 23. Nd4 Bxb5 24. Nxb5+ Kb8 25. Re8 1-0


[Site "https://www.chess.com"]

[Event "Titled Tuesday Blitz January 31 Late 2023"]
[White "Paravyan, David"]
[Black "Andreikin, Dmitry"]
[WhiteFideId "4194985"]
[BlackFideId "4158814"]
[WhiteElo "2601"]
[BlackElo "2729"]
[Result "0-1"]
[Round "07"]
[TimeControl "180+2"]
[Date "2023.01.31"]
[WhiteClock "0:00:01"]
[BlackClock "0:00:42"]

1. d4 d5 2. c4 e6 3. Nf3 Nf6 4. Nc3 a6 5. cxd5 exd5 6. Bg5 Be6 7. e3 Nbd7 8. Bd3 h6 9. Bh4 g5 10. Bg3 Nh5 11. Be5 Nhf6 12. h3 Nxe5 13. Nxe5 c6 14. Qc2 Bd6 15. Bf5 Qe7 16. Bxe6 Qxe6 17. Nd3 O-O-O 18. b4 g4 19. b5 gxh3 20. bxa6 hxg2 21. axb7+ Kd7 22. Rg1 Rhg8 23. Na4 Ke7 24. Qxc6 Bh2 25. Qxe6+ fxe6 26. Ke2 h5 27. Nb4 Kd6 28. Nc5 Bxg1 29. Rxg1 h4 30. e4 Nxe4 0-1


[Site "https://www.chess.com"]

[Event "Titled Tuesday Blitz January 31 Late 2023"]
[White "Oparin, Grigoriy"]
[Black "Caruana, Fabiano"]
[WhiteFideId "24125890"]
[BlackFideId "2020009"]
[WhiteElo "2667"]
[BlackElo "2764"]
[Result "0-1"]
[Round "07"]
[TimeControl "180+2"]
[Date "2023.01.31"]
[WhiteClock "0:00:02"]
[BlackClock "0:00:05"]

1. g3 d5 2. Bg2 e5 3. d3 c5 4. Nf3 Nc6 5. O-O Be7 6. Nc3 Nf6 7. a3 h6 8. Rb1 Be6 9. e4 d4 10. Ne2 g5 11. b4 Qc7 12. c3 b6 13. Bb2 O-O 14. Nd2 Rad8 15. b5 Na5 16. Qc2 Qd7 17. c4 Bh3 18. f3 h5 19. Rf2 Nh7 20. Rbf1 Bxg2 21. Rxg2 Kh8 22. Bc1 Nb7 23. Qd1 Nd6 24. Kh1 g4 25. f4 f6 26. Rgf2 Qe6 27. Kg1 Rg8 28. Nb3 Rdf8 29. a4 Rf7 30. a5 Rfg7 31. Bd2 Nf8 32. Qc2 Rh7 33. axb6 axb6 34. Ra1 h4 35. Ra6 hxg3 36. Nxg3 Bd8 37. Qd1 Qd7 38. Qf1 Ng6 39. Nc1 Nh4 40. Nce2 Nf3+ 41. Rxf3 gxf3 42. Qxf3 Qh3 43. Qg2 Qg4 44. Kf2 f5 45. fxe5 fxe4 46. exd6 e3+ 47. Bxe3 dxe3+ 48. Kxe3 Bg5+ 49. Kf2 Bd2 50. Ra1 Rf8+ 51. Kg1 Be3+ 52. Kh1 Rhf7 53. d7 Qxd7 54. Ne4 Rg7 55. N2g3 Rh7 56. Re1 Bd4 57. Rf1 Rxf1+ 58. Qxf1 Qf7 59. Qxf7 Rxf7 60. Kg2 Kg7 61. h4 Ra7 62. Ne2 Ra3 63. Nxd4 cxd4 64. Nf2 Kg6 65. Kf3 Kf5 66. h5 Ra8 67. Ne4 Rh8 68. Ng3+ Ke5 69. Kg4 Rg8+ 70. Kf3 Rf8+ 71. Kg4 Rg8+ 72. Kf3 Rg5 73. c5 bxc5 74. b6 Rg7 75. h6 Rh7 0-1


[Site "https://www.chess.com"]

[Event "Titled Tuesday Blitz January 31 Late 2023"]
[White "Deac, Bogdan-Daniel"]
[Black "Melkumyan, Hrant"]
[WhiteFideId "1226380"]
[BlackFideId "13302485"]
[WhiteElo "2700"]
[BlackElo "2645"]
[Result "1-0"]
[Round "07"]
[TimeControl "180+2"]
[Date "2023.01.31"]
[WhiteClock "0:00:03"]
[BlackClock "0:00:01"]

1. d4 Nf6 2. c4 g6 3. Nc3 Bg7 4. e4 d6 5. Be2 e5 6. d5 Na6 7. Be3 Nc5 8. Qc2 Ng4 9. Bxg4 Bxg4 10. b4 Na6 11. f3 Bd7 12. a3 Bh6 13. Qd2 Bxe3 14. Qxe3 f5 15. h4 O-O 16. Nge2 Qf6 17. Qg5 Kg7 18. Nc1 h6 19. Qxf6+ Rxf6 20. Nd3 c5 21. bxc5 Nxc5 22. Nxc5 dxc5 23. Kd2 b6 24. Rae1 Re8 25. a4 fxe4 26. Nxe4 Rf4 27. Ke3 Rff8 28. a5 Bf5 29. axb6 axb6 30. Ra1 Bxe4 31. fxe4 Ra8 32. Rhb1 Rxa1 33. Rxa1 Rb8 34. Ra7+ Kf6 35. Rc7 Ra8 36. Rc6+ Kf7 37. Rxb6 Ra3+ 38. Ke2 Rc3 39. Re6 Rxc4 40. Rxe5 Rc2+ 41. Kf3 Rd2 42. Re6 Rd3+ 43. Kf4 c4 44. Rc6 c3 45. Ke5 g5 46. h5 g4 47. Rc7+ Ke8 48. Ke6 Kd8 49. d6 Re3 50. e5 1-0


[Site "https://www.chess.com"]

[Event "Titled Tuesday Blitz January 31 Late 2023"]
[White "Martinez Alcantara, Jose Eduardo"]
[Black "Hansen, Eric"]
[WhiteFideId "3805662"]
[BlackFideId "2606771"]
[WhiteElo "2619"]
[BlackElo "2609"]
[Result "0-1"]
[Round "07"]
[TimeControl "180+2"]
[Date "2023.01.31"]
[WhiteClock "0:00:02"]
[BlackClock "0:00:05"]

1. e4 e5 2. Nf3 Nc6 3. Nc3 Nf6 4. h3 d6 5. Bc4 Be7 6. d3 O-O 7. O-O Na5 8. Be3 Nxc4 9. dxc4 Be6 10. Qd3 c6 11. Rfd1 Qc7 12. Ng5 Bc8 13. Nf3 Be6 14. Ng5 Bc8 15. b3 h6 16. Nf3 Be6 17. Qe2 Rfd8 18. a4 Qa5 19. Bd2 Qc7 20. a5 b6 21. a6 Rac8 22. Re1 Qb8 23. Red1 Bd7 24. Qd3 b5 25. Be3 b4 26. Ne2 d5 27. Ng3 d4 28. Bd2 c5 29. Nh4 Rc6 30. Nhf5 Bf8 31. Rf1 Re6 32. f4 Bc6 33. Rae1 Rde8 34. fxe5 Nd7 35. Nh5 Nxe5 36. Qe2 Ng6 37. Qf3 Qc7 38. Nhg3 Ba8 39. Qg4 Rxa6 40. Nh5 Rae6 41. Nhg3 Ne5 42. Qh4 Qd8 43. Qf4 d3 44. c3 a5 45. Ra1 Qd7 46. Qe3 Ng6 47. Rxa5 Bxe4 48. Nxe4 Rxe4 49. Qf3 Re2 50. Rd1 R8e5 51. Ng3 Nh4 52. Qf4 Rxg2+ 53. Kf1 Qxh3 54. Qxh4 Qxh4 55. Kxg2 Qg4 56. Rf1 Re2+ 57. Rf2 Bd6 58. Ra8+ Kh7 59. Rxe2 Qxg3+ 60. Kf1 Qf3+ 61. Rf2 Qh1# 0-1


[Site "https://www.chess.com"]

[Event "Titled Tuesday Blitz January 31 Late 2023"]
[White "Jones, Gawain C B"]
[Black "Sanal, Vahap"]
[WhiteFideId "409561"]
[BlackFideId "6300545"]
[WhiteElo "2618"]
[BlackElo "2600"]
[Result "1-0"]
[Round "07"]
[TimeControl "180+2"]
[Date "2023.01.31"]
[WhiteClock "0:00:11"]
[BlackClock "0:00:13"]

1. Nf3 d5 2. g3 g6 3. Bg2 Bg7 4. O-O c6 5. d3 Nf6 6. Nbd2 O-O 7. e4 Qc7 8. Re1 dxe4 9. Nxe4 Nxe4 10. dxe4 Bg4 11. h3 Rd8 12. Qe2 Bxf3 13. Qxf3 Nd7 14. Bf4 Qb6 15. e5 e6 16. b3 Qa5 17. Qe3 Nb6 18. c4 Rd7 19. Bg5 Re8 20. g4 Nc8 21. h4 Qa3 22. h5 Qa5 23. Rad1 Rxd1 24. Rxd1 Bxe5 25. Rd7 Bg7 26. Rxb7 Qxa2 27. Bxc6 Rf8 28. h6 Bh8 29. Kg2 Qb2 30. Rd7 Nb6 31. Rd2 Qa3 32. c5 Nd5 33. Bxd5 exd5 34. Rxd5 Qa6 35. Qe4 Qc6 36. Re5 Qb5 37. Rd5 Qc6 38. Kg1 a5 39. Qd3 Qe6 40. f3 Qc6 41. Kg2 f6 42. Bf4 Qe6 43. Bd6 Re8 44. Qc4 f5 45. c6 fxg4 46. fxg4 Qf7 47. c7 Rc8 48. Rc5 Bf6 49. Qxf7+ Kxf7 50. Rxa5 Ke6 51. Bg3 Kd7 52. Rd5+ Ke6 53. Rd6+ Ke7 54. Rb6 Kd7 55. Rxf6 Ke7 56. Rb6 Rxc7 57. Bxc7 g5 58. Bg3 Kf7 59. Bf2 Kg8 60. Be3 Kh8 61. Bxg5 Kg8 62. Bf4 Kf7 63. g5 Kg8 64. Kf3 Kf7 65. Kg4 Kg8 66. Kf5 Kf7 67. Rb7+ Ke8 68. Ke6 Kd8 69. Rb8# 1-0


[Site "https://www.chess.com"]

[Event "Titled Tuesday Blitz January 31 Late 2023"]
[White "Terry, Renato"]
[Black "Zhigalko, Sergei"]
[WhiteFideId "3803457"]
[BlackFideId "13502956"]
[WhiteElo "2520"]
[BlackElo "2572"]
[Result "1/2-1/2"]
[Round "07"]
[TimeControl "180+2"]
[Date "2023.01.31"]
[WhiteClock "0:00:05"]
[BlackClock "0:00:09"]

1. Nf3 d5 2. e3 Nf6 3. b3 e6 4. Bb2 Bd6 5. c4 O-O 6. Be2 b6 7. O-O Bb7 8. cxd5 exd5 9. Nd4 Re8 10. Nf5 Bf8 11. Qc2 Nbd7 12. d3 g6 13. Ng3 c5 14. Nd2 Rc8 15. Rac1 Bd6 16. Rfe1 h5 17. Ngf1 Qe7 18. Qb1 Ng4 19. h3 Nh6 20. d4 Nf5 21. Bxh5 Nf6 22. Bf3 Ne4 23. Nxe4 dxe4 24. Bg4 Qg5 25. dxc5 Bxc5 26. Rc4 Rcd8 27. Bxf5 Qxf5 28. Ng3 Qe6 29. Ba1 f6 30. Qb2 Be7 31. Rc7 Rd7 32. Rxd7 Qxd7 33. Qb1 Qe6 34. Rd1 Kf7 35. Rd4 Rd8 36. Rxd8 Bxd8 37. Qd1 Be7 38. Ne2 Qd5 39. Bd4 Qa5 40. a4 Qb4 41. Nf4 Qd6 42. Qe2 Qc6 43. g3 Bc8 44. Kg2 Bd6 45. Kh2 Bxf4 46. exf4 Qd5 47. Qe3 Be6 48. b4 Qc6 49. Bc3 Qd5 50. a5 Qd3 51. Qe1 Qf3 52. Bd4 Bd5 53. Be3 bxa5 54. bxa5 Be6 55. Bxa7 Qh5 56. Qf1 Qxa5 57. Be3 Qh5 58. Qg2 Bg4 59. h4 Bf3 60. Qh3 Qf5 61. Qf1 Qd5 62. Qc1 Qd1 63. Qxd1 Bxd1 64. Kg1 Bf3 65. Kf1 f5 66. Ke1 Bg4 67. Kd2 Bf3 68. Kc3 Bg4 69. Kd4 Bh5 70. Ke5 Bg4 71. Bd4 Bh5 72. Bc3 Bg4 73. Be1 Bh5 74. Bd2 Bg4 75. Be3 Bh5 76. Kd4 Bg4 77. Kc3 1/2-1/2


[Site "https://www.chess.com"]

[Event "Titled Tuesday Blitz January 31 Late 2023"]
[White "Holt, Conrad"]
[Black "Dominguez Perez, Leinier"]
[WhiteFideId "2034387"]
[BlackFideId "3503240"]
[WhiteElo "2540"]
[BlackElo "2739"]
[Result "0-1"]
[Round "07"]
[TimeControl "180+2"]
[Date "2023.01.31"]
[WhiteClock "0:00:03"]
[BlackClock "0:00:32"]

1. d4 d5 2. c4 dxc4 3. e3 Be6 4. Nf3 c6 5. Nbd2 b5 6. b3 cxb3 7. axb3 Nf6 8. Qc2 g6 9. Bd3 Bg7 10. Ne5 O-O 11. Nxc6 Nxc6 12. Qxc6 Bd5 13. Qxb5 Bxg2 14. Rg1 Bd5 15. Ba3 Qc7 16. Ke2 Rfe8 17. Rg5 e6 18. e4 Qf4 19. Re5 Ng4 20. Rf1 Nxe5 21. dxe5 Rab8 22. Qa5 Qxe5 23. Nf3 Qh5 24. b4 f5 25. exd5 exd5+ 26. Kd2 Qxf3 0-1


[Site "https://www.chess.com"]

[Event "Titled Tuesday Blitz January 31 Late 2023"]
[White "Avila Pavas, Santiago"]
[Black "Babazada, Khazar"]
[WhiteFideId "4437128"]
[BlackFideId "13413554"]
[WhiteElo "2522"]
[BlackElo "2474"]
[Result "0-1"]
[Round "07"]
[TimeControl "180+2"]
[Date "2023.01.31"]
[WhiteClock "0:00:51"]
[BlackClock "0:02:02"]

1. d4 g6 2. e4 Bg7 3. Nc3 c6 4. Be2 d5 5. e5 h5 6. h3 Nh6 7. Nf3 Bf5 8. Bf4 Nd7 9. Qd2 Nf8 10. O-O-O Qa5 11. Kb1 Ne6 12. Be3 O-O-O 13. Nh2 Bxe5 14. Bxh6 Bxd4 15. Be3 Bg7 16. g4 d4 17. gxf5 dxc3 18. Qc1 cxb2 19. Rxd8+ Rxd8 20. Qe1 Bc3 21. Qf1 Nd4 22. Bxd4 Rxd4 23. Bc4 Qxf5 24. Qe2 Rd2 25. Bd3 Rxe2 0-1


[Site "https://www.chess.com"]

[Event "Titled Tuesday Blitz January 31 Late 2023"]
[White "Taspinar, Yanki"]
[Black "Svane, Rasmus"]
[WhiteFideId "34561188"]
[BlackFideId "4657101"]
[WhiteElo "2262"]
[BlackElo "2623"]
[Result "0-1"]
[Round "07"]
[TimeControl "180+2"]
[Date "2023.01.31"]
[WhiteClock "0:00:01"]
[BlackClock "0:00:12"]

1. Nf3 d5 2. g3 Nc6 3. d4 Bf5 4. Bg2 Nb4 5. Na3 e6 6. O-O h6 7. c3 Nc6 8. Nb1 Bd6 9. Bf4 Nf6 10. Nbd2 O-O 11. Bxd6 cxd6 12. Qb3 Qc7 13. Rac1 Rfc8 14. Qa3 b5 15. Rfe1 a5 16. Qb3 Rab8 17. a3 Qa7 18. Nh4 Bh7 19. e3 Bd3 20. Bf1 Bxf1 21. Rxf1 Qa6 22. Ra1 Qb6 23. Rfc1 Rc7 24. Ng2 Rbc8 25. Nf4 Ne7 26. Nd3 Qa6 27. Ne1 Ne4 28. Qd1 Qb6 29. Nd3 Qa6 30. Ne1 Rc6 31. Qc2 Nf6 32. Nd3 R8c7 33. Ne1 Qb7 34. Qd1 Nc8 35. Nd3 Nb6 36. Ne1 Ne4 37. Nxe4 dxe4 38. Qe2 Nd5 39. Rcb1 b4 40. axb4 axb4 41. cxb4 Nxb4 42. Qg4 Rc4 43. b3 Rc3 44. Kg2 Rc8 45. h4 Nd5 46. Kg1 Nf6 47. Qd1 Qd5 48. Rc1 Qf5 49. Rxc3 Rxc3 50. Rc1 Ng4 51. Rc2 Rxb3 52. Qe2 Rb1 53. Kg2 g5 54. Qd2 gxh4 55. gxh4 Qg6 56. Kh3 Nf6 57. Qe2 Qf5+ 58. Kg3 Kh7 59. Rc7 Nh5+ 60. Kg2 Rb8 61. Kf1 Rg8 62. Nc2 Ng3+ 0-1


[Site "https://www.chess.com"]

[Event "Titled Tuesday Blitz January 31 Late 2023"]
[White "Tari, Aryan"]
[Black "Nakamura, Hikaru"]
[WhiteFideId "1510045"]
[BlackFideId "2016192"]
[WhiteElo "2642"]
[BlackElo "2775"]
[Result "0-1"]
[Round "07"]
[TimeControl "180+2"]
[Date "2023.01.31"]
[WhiteClock "0:00:01"]
[BlackClock "0:00:12"]

1. e4 e6 2. d4 d5 3. Nc3 Nf6 4. e5 Nfd7 5. f4 c5 6. Nf3 Nc6 7. Be3 Rb8 8. Qd2 Qa5 9. a3 b5 10. dxc5 b4 11. Na2 Nxc5 12. Nd4 Bd7 13. Nxc6 Bxc6 14. Bd3 Nxd3+ 15. cxd3 Qa6 16. O-O bxa3 17. bxa3 Qa4 18. Rfb1 Rxb1+ 19. Rxb1 d4 20. Rb8+ Kd7 21. Bf2 Qxa3 22. f5 Bd5 23. fxe6+ fxe6 24. Nc1 Kc7 25. Re8 Qa4 0-1


[Site "https://www.chess.com"]

[Event "Titled Tuesday Blitz January 31 Late 2023"]
[White "Urazayev, Arystanbek"]
[Black "Naroditsky, Daniel"]
[WhiteFideId "13709810"]
[BlackFideId "2026961"]
[WhiteElo "2460"]
[BlackElo "2618"]
[Result "1-0"]
[Round "07"]
[TimeControl "180+2"]
[Date "2023.01.31"]
[WhiteClock "0:00:17"]
[BlackClock "0:00:03"]

1. e4 c5 2. Nf3 d6 3. d4 cxd4 4. Nxd4 Nf6 5. Nc3 a6 6. Be2 e5 7. Nb3 Be7 8. h4 b5 9. a4 b4 10. Nd5 Bb7 11. Nxe7 Qxe7 12. f3 d5 13. exd5 Bxd5 14. Bg5 Be6 15. Qd2 Nbd7 16. O-O-O O-O 17. Qd6 Qe8 18. Kb1 h6 19. Be3 Qc8 20. g4 Rd8 21. g5 Ne8 22. Qe7 Bf5 23. Bd3 Bxd3 24. Rxd3 Nf8 25. Rxd8 Qxd8 26. Qxe5 Ng6 27. Qd4 Qxd4 28. Nxd4 hxg5 29. hxg5 Nd6 30. Bd2 a5 31. b3 Rc8 32. Kb2 Rc5 33. Re1 Rd5 34. Be3 Ne5 35. f4 Ng6 36. Nc6 Nf5 37. Bb6 Rd6 38. Re8+ Kh7 39. Rc8 Nxf4 40. Bxa5 Ne3 41. Bxb4 Rd1 42. Ne5 Nfd5 43. Bc5 f6 44. Bxe3 Nxe3 45. gxf6 gxf6 46. Nd3 Nd5 47. a5 Rd2 48. a6 Nb6 49. Rc7+ Kg6 50. Rb7 Nc8 51. a7 Nxa7 52. Rxa7 f5 53. b4 Re2 54. Nf4+ 1-0


[Site "https://www.chess.com"]

[Event "Titled Tuesday Blitz January 31 Late 2023"]
[White "Jobava, Baadur"]
[Black "Kazakouski, Valery"]
[WhiteFideId "13601520"]
[BlackFideId "13507443"]
[WhiteElo "2578"]
[BlackElo "2539"]
[Result "1-0"]
[Round "07"]
[TimeControl "180+2"]
[Date "2023.01.31"]
[WhiteClock "0:00:06"]
[BlackClock "0:00:07"]

1. b3 e5 2. Bb2 Nc6 3. Nf3 e4 4. Nd4 Nf6 5. e3 d5 6. c4 dxc4 7. Bxc4 Ne5 8. O-O Nxc4 9. bxc4 c6 10. Nc3 Bd6 11. Qc2 Qe7 12. f3 exf3 13. Rxf3 O-O 14. Raf1 Ng4 15. Rh3 g6 16. Ne4 Be5 17. c5 f5 18. Nd6 h5 19. Ne2 Be6 20. Bxe5 Nxe5 21. Nf4 Bf7 22. Nxh5 gxh5 23. Nxf5 Qe6 24. Rg3+ Bg6 25. Qe4 Kh7 26. Rxg6 Qxg6 27. Qxe5 Rae8 28. Qf4 Rg8 29. g3 Rgf8 30. e4 b6 31. cxb6 axb6 32. d4 Rf6 33. Rf2 Rfe6 34. e5 c5 35. Nd6 R8e7 36. Ne4 c4 37. Ng5+ 1-0


[Site "https://www.chess.com"]

[Event "Titled Tuesday Blitz January 31 Late 2023"]
[White "Salem, A.R. Saleh"]
[Black "Yuan, Qingyu"]
[WhiteFideId "9301348"]
[BlackFideId "8609772"]
[WhiteElo "2677"]
[BlackElo "2373"]
[Result "1-0"]
[Round "07"]
[TimeControl "180+2"]
[Date "2023.01.31"]
[WhiteClock "0:01:27"]
[BlackClock "0:00:43"]

1. d4 d5 2. c4 e6 3. Nc3 Be7 4. cxd5 exd5 5. Bf4 c6 6. e3 Bf5 7. g4 Be6 8. Qb3 b5 9. Nf3 Nd7 10. h3 Ngf6 11. Bd3 b4 12. Na4 Ne4 13. Rc1 c5 14. dxc5 Ndxc5 15. Nxc5 Nxc5 16. Bb5+ Bd7 17. Bxd7+ Qxd7 18. Qd1 O-O 19. O-O Rac8 20. Be5 Rfd8 21. Nd4 Bd6 22. Bxd6 Qxd6 23. Nf5 Qe5 24. Qd4 f6 25. Rxc5 Rxc5 26. Qxc5 Qe4 27. Qc7 1-0


[Site "https://www.chess.com"]

[Event "Titled Tuesday Blitz January 31 Late 2023"]
[White "Yanchenko, Roman"]
[Black "Bortnyk, Olexandr"]
[WhiteFideId "4137329"]
[BlackFideId "14120828"]
[WhiteElo "2466"]
[BlackElo "2605"]
[Result "0-1"]
[Round "07"]
[TimeControl "180+2"]
[Date "2023.01.31"]
[WhiteClock "0:00:02"]
[BlackClock "0:00:04"]

1. d4 d6 2. Nf3 Nf6 3. c4 g6 4. Nc3 Bf5 5. e3 Bg7 6. b3 c5 7. Bb2 Qa5 8. Bd3 cxd4 9. Nxd4 Bxd3 10. Qxd3 Nc6 11. O-O O-O 12. h3 Rfe8 13. Rad1 Rac8 14. Qd2 Nd7 15. Nd5 Qxd2 16. Rxd2 Nxd4 17. Bxd4 Bxd4 18. exd4 e6 19. Ne3 a6 20. b4 Red8 21. c5 dxc5 22. dxc5 Ne5 23. Rfd1 Rxd2 24. Rxd2 a5 25. a3 Kf8 26. Ng4 Nc4 27. Rd7 Nxa3 28. Ne5 axb4 29. Rxb7 Ke8 30. Nxf7 Rxc5 31. Nd6+ Kf8 32. Rxb4 Ke7 33. Ne4 Rc7 34. Rb3 Ra7 35. Rc3 Nb5 36. Re3 Nd4 37. Ng5 h6 38. Nf3 Nf5 39. Rb3 Kf6 40. g4 Nd6 41. Re3 Ra5 42. Kg2 e5 43. Nd2 Ke6 44. Ne4 Nc4 45. Re2 h5 46. gxh5 gxh5 47. Kg3 Kf5 48. Kh4 Kf4 49. Ng5 Nd6 50. Kxh5 Ra8 51. h4 Kf5 52. Kh6 Rh8+ 53. Kg7 Rxh4 54. Nf3 Rg4+ 55. Kh6 e4 56. Nd4+ Ke5 57. f3 Rg1 58. Nc6+ Kf6 59. Kh5 exf3 60. Rf2 Nf5 61. Rxf3 Rg5# 0-1


[Site "https://www.chess.com"]

[Event "Titled Tuesday Blitz January 31 Late 2023"]
[White "Karolczuk, Iwo"]
[Black "Bok, Benjamin"]
[WhiteFideId "21816972"]
[BlackFideId "1017063"]
[WhiteElo "2343"]
[BlackElo "2607"]
[Result "0-1"]
[Round "07"]
[TimeControl "180+2"]
[Date "2023.01.31"]
[WhiteClock "0:00:01"]
[BlackClock "0:00:29"]

1. e4 c5 2. Nc3 d6 3. d4 cxd4 4. Qxd4 Nc6 5. Qd2 g6 6. b3 Bh6 7. f4 Nf6 8. Bb2 O-O 9. O-O-O a5 10. a4 Nb4 11. Bc4 Bg4 12. Re1 Rc8 13. h3 Be6 14. Bb5 d5 15. Nge2 Nxe4 16. Qe3 Nxc3 17. Bxc3 Rxc3 18. Nxc3 d4 19. Qe5 dxc3 20. Re2 Qd6 21. g3 Qxe5 22. Rxe5 Rd8 23. h4 Bf5 24. Rxe7 Bxc2 25. Bc4 Bf5 26. Rh2 c2 27. Rh1 Bg7 28. Rxf7 Na2# 0-1


[Site "https://www.chess.com"]

[Event "Titled Tuesday Blitz January 31 Late 2023"]
[White "Zierk, Steven"]
[Black "Fernandez Guillen, Ernesto J."]
[WhiteFideId "2034255"]
[BlackFideId "3512428"]
[WhiteElo "2488"]
[BlackElo "2477"]
[Result "1-0"]
[Round "07"]
[TimeControl "180+2"]
[Date "2023.01.31"]
[WhiteClock "0:00:11"]
[BlackClock "0:00:02"]

1. e4 e5 2. Nf3 Nc6 3. Bc4 g6 4. d4 exd4 5. Nxd4 Bg7 6. Be3 Nge7 7. Nc3 O-O 8. O-O Ne5 9. Be2 d5 10. f4 Nc4 11. Bxc4 dxc4 12. Nf3 b6 13. Bd4 c5 14. Bxg7 Qxd1 15. Raxd1 Kxg7 16. Ne5 Be6 17. Nb5 Rad8 18. Nc7 c3 19. b3 Bc8 20. a4 Bb7 21. Rde1 Rd2 22. Rf2 Rfd8 23. Nc4 R2d4 24. Rfe2 Bc6 25. g3 Rd1 26. Kf2 Rxe1 27. Kxe1 Rd4 28. e5 Nf5 29. Nb5 Bxb5 30. axb5 Rd7 31. g4 Nd4 32. Rf2 Nxb5 33. f5 Nd4 34. Nd6 gxf5 35. gxf5 Kf8 36. Kd1 Nc6 37. Kc1 Nxe5 38. Nb5 a6 39. Nxc3 b5 40. Ne4 c4 41. Re2 Rd4 42. Ng5 Nc6 43. Nxh7+ Kg7 44. Ng5 c3 45. Ne4 b4 46. h4 Ne5 47. Nxc3 bxc3 48. Rxe5 Rxh4 49. Kd1 Rh2 50. Rc5 Kf6 51. Rxc3 Kxf5 52. Rc6 Ke4 53. Rf6 Rh7 54. b4 Ke5 55. Rxa6 f5 56. Rc6 f4 57. Ke2 Rh2+ 58. Kf3 Rh3+ 59. Kg2 Ra3 60. b5 Ra2 61. Kf3 Rb2 62. b6 Kd5 63. Rc3 1-0


[Site "https://www.chess.com"]

[Event "Titled Tuesday Blitz January 31 Late 2023"]
[White "Suder, Jakub"]
[Black "Dardha, Daniel"]
[WhiteFideId "1195310"]
[BlackFideId "240990"]
[WhiteElo "2244"]
[BlackElo "2631"]
[Result "0-1"]
[Round "07"]
[TimeControl "180+2"]
[Date "2023.01.31"]
[WhiteClock "0:00:36"]
[BlackClock "0:00:46"]

1. d4 e6 2. c4 Qh4 3. Nf3 Bb4+ 4. Bd2 Qe7 5. a3 Bxd2+ 6. Qxd2 f5 7. Nc3 Nf6 8. g3 b6 9. Bg2 Bb7 10. O-O Ne4 11. Qc2 Nxc3 12. Qxc3 Be4 13. d5 O-O 14. dxe6 dxe6 15. Ne5 Bxg2 16. Kxg2 Nd7 17. Rfd1 Nxe5 18. Qxe5 Rfd8 19. b4 Kf7 20. e4 g6 21. h4 Rd6 22. c5 bxc5 23. bxc5 Rxd1 24. Rxd1 Rd8 25. Rxd8 Qxd8 26. h5 gxh5 27. Kh2 Qd7 28. exf5 exf5 29. Qh8 Ke6 30. f4 Kd5 31. Qe5+ Kc4 32. Kh3 Qd5 33. Qxd5+ Kxd5 34. Kh4 Kxc5 35. Kg5 Kd4 36. Kxf5 c5 37. Ke6 c4 38. f5 c3 39. f6 c2 40. f7 c1=Q 41. f8=Q Qc6+ 42. Qd6+ Qxd6+ 43. Kxd6 Ke4 44. Kc7 Kf3 45. Kb7 Kxg3 46. Kxa7 h4 47. a4 h3 48. a5 h2 49. a6 h1=Q 0-1


[Site "https://www.chess.com"]

[Event "Titled Tuesday Blitz January 31 Late 2023"]
[White "Yoo, Christopher Woojin"]
[Black "Hasanagic, Anel"]
[WhiteFideId "30909694"]
[BlackFideId "14605791"]
[WhiteElo "2607"]
[BlackElo "2243"]
[Result "1-0"]
[Round "07"]
[TimeControl "180+2"]
[Date "2023.01.31"]
[WhiteClock "0:00:04"]
[BlackClock "0:00:02"]

1. e4 c6 2. d3 d5 3. Nd2 Nf6 4. Ngf3 Bg4 5. h3 Bh5 6. e5 Nfd7 7. e6 fxe6 8. Be2 h6 9. Nh4 Bf7 10. Bh5 Nf6 11. Bxf7+ Kxf7 12. O-O Nbd7 13. Re1 Qc7 14. Qe2 e5 15. f4 e4 16. dxe4 Qxf4 17. Nf5 dxe4 18. Rf1 Qe5 19. Nc4 Qb5 20. a4 Qa6 21. b4 g6 22. Ng3 Bg7 23. Bb2 Rhe8 24. Nxe4 Kg8 25. Nc3 Nd5 26. b5 Nxc3 27. Qe6+ Kh7 28. bxa6 1-0


[Site "https://www.chess.com"]

[Event "Titled Tuesday Blitz January 31 Late 2023"]
[White "Diaz Perez, Michel Alejandro"]
[Black "Kamsky, Gata"]
[WhiteFideId "3517179"]
[BlackFideId "2000024"]
[WhiteElo "2414"]
[BlackElo "2665"]
[Result "0-1"]
[Round "07"]
[TimeControl "180+2"]
[Date "2023.01.31"]
[WhiteClock "0:00:32"]
[BlackClock "0:01:38"]

1. d4 Nf6 2. c4 g6 3. Nc3 Bg7 4. e4 d6 5. Be2 e5 6. dxe5 dxe5 7. Qxd8+ Kxd8 8. Bg5 Be6 9. Nd5 Nd7 10. O-O-O Kc8 11. f3 c6 12. Nc3 h6 13. Be3 Bf8 14. Na4 Kc7 15. a3 Nb6 16. Nxb6 axb6 17. Nh3 Bxh3 18. gxh3 Bc5 19. Bd2 Nh5 20. Bc3 Rhe8 21. Rhe1 Bf2 22. Rf1 Be3+ 23. Kb1 Nf4 24. Bd3 c5 25. Bc2 Nxh3 26. Rd5 f6 27. Rfd1 Bd4 28. Bd2 g5 29. Bc1 Nf4 30. Bxf4 gxf4 31. Bd3 Rg8 32. Bf1 Rg1 33. Kc2 Rh1 34. h3 Rg8 35. b4 Rgg1 36. Be2 Rxd1 37. Bxd1 Rxh3 38. Kd3 h5 39. Ke2 Rh2+ 40. Kd3 Ra2 41. bxc5 Rxa3+ 42. Ke2 bxc5 43. Kf1 Ra1 44. Ke2 h4 45. Bb3 h3 0-1


[Site "https://www.chess.com"]

[Event "Titled Tuesday Blitz January 31 Late 2023"]
[White "Klekowski, Maciej"]
[Black "Pranav, V"]
[WhiteFideId "1132717"]
[BlackFideId "25060783"]
[WhiteElo "2477"]
[BlackElo "2597"]
[Result "1/2-1/2"]
[Round "07"]
[TimeControl "180+2"]
[Date "2023.01.31"]
[WhiteClock "0:01:11"]
[BlackClock "0:01:00"]

1. Nf3 Nc6 2. b3 e5 3. Bb2 d6 4. g3 Nf6 5. Bg2 Be7 6. O-O O-O 7. d3 Re8 8. Nbd2 Bf8 9. e4 a5 10. Re1 a4 11. h3 a3 12. Bc3 b5 13. Rc1 g6 14. d4 b4 15. Ba1 Ba6 16. c3 Bh6 17. d5 bxc3 18. Bxc3 Na7 19. Ba5 Re7 20. Qc2 Nb5 21. Bf1 Nd4 22. Nxd4 exd4 23. Bxa6 Rxa6 24. Bxc7 Rxc7 25. Qxc7 Qxc7 26. Rxc7 Bxd2 27. Rd1 Bc3 28. f3 Kf8 29. Kf1 Ke8 30. Ke2 Nd7 31. Kd3 Kd8 32. Rxc3 dxc3 33. Kxc3 Ra8 34. f4 Nc5 35. Kd4 Rb8 36. e5 Kd7 37. Kc4 Ne4 38. Rd3 Re8 39. Kd4 f5 40. e6+ Ke7 41. b4 Rb8 42. Kc4 g5 43. Rxa3 Nd2+ 44. Kd3 Ne4 45. Ra7+ Kf6 46. Rxh7 gxf4 47. gxf4 Rxb4 48. h4 Nc5+ 49. Ke3 Re4+ 50. Kf3 Rd4 51. Rf7+ Kg6 52. h5+ Kxh5 53. e7 Re4 54. Rxf5+ Kg6 55. Re5 Rxe5 56. fxe5 Kf7 57. exd6 Nb7 58. a4 Nxd6 59. a5 Kxe7 60. a6 Nb5 61. Ke3 Kd6 62. Ke4 Na7 63. Kd4 Nb5+ 64. Kc4 Na7 65. Kd4 Nb5+ 66. Kc4 Na7 67. Kd4 1/2-1/2


[Site "https://www.chess.com"]

[Event "Titled Tuesday Blitz January 31 Late 2023"]
[White "Makhnev, Denis"]
[Black "Sokolovsky, Yahli"]
[WhiteFideId "13707647"]
[BlackFideId "2820242"]
[WhiteElo "2483"]
[BlackElo "2461"]
[Result "1-0"]
[Round "07"]
[TimeControl "180+2"]
[Date "2023.01.31"]
[WhiteClock "0:01:53"]
[BlackClock "0:00:02"]

1. d4 d6 2. Nf3 g6 3. e4 a6 4. h4 Nf6 5. Nc3 Bg4 6. Be2 Nc6 7. Be3 Bg7 8. d5 Bxf3 9. gxf3 Nb8 10. f4 Nbd7 11. h5 Nxh5 12. Bxh5 gxh5 13. Bd4 Bxd4 14. Qxd4 Rg8 15. O-O-O c5 16. Qe3 Qa5 17. e5 O-O-O 18. Rxh5 b5 19. Kb1 b4 20. Ne4 dxe5 21. fxe5 Nb6 22. d6 Nc4 23. Qd3 Qb5 24. e6 exd6 25. e7 Rde8 26. Qxc4 Qxc4 27. Nxd6+ Kb8 28. Nxc4 Rxe7 29. Rxc5 Rd7 30. Rc1 Rd4 31. b3 Rf4 32. Rh1 Rxf2 33. Na5 Rgg2 34. Rh4 Rf1+ 35. Kb2 Rgg1 36. Rxb4+ 1-0


[Site "https://www.chess.com"]